 Dungeon Crawl Stone Soup version 0.31.0-12-g77e489cdc1 (webtiles) character file.

Game seed: 14834959718992105172

3777 Doomgape the Fighter (level 9, -2/85 HPs)
             Began as a Minotaur Fighter on Mar 3, 2024.
             Slain by a yak (13 damage)
             ... on level 9 of the Dungeon.
             The game lasted 00:16:59 (7922 turns).

Doomgape the Fighter (Minotaur Fighter)             Turns: 7922, Time: 00:17:00

Health: -2/85      AC: 12    Str: 24    XL:     9   Next: 95%
Magic:  8/8        EV:  8    Int:  5    God:
Gold:   662        SH:  5    Dex: 11    Spells: 8/8 levels left

rFire   + . .        a - +0 war axe (flame)
rCold   . . .        c - +0 buckler
rNeg    + . .        i - +1 chain mail
rPois   .            (helmet restricted)
rElec   .            (no cloak)
rCorr   .            (no gloves)
SInv    .            (no boots)
Will    +....        (no amulet) Stlth
                     b - ring of positive energy
HPRegen 0.34/turn    q - ring of protection from fire
MPRegen 0.11/turn

%: clarity
@: enlightened, flying, hasted, very quick
A: horns 2, retaliatory headbutt, clarity, sense surroundings 1, inability to
read after injury 1
a: no special abilities


You were on level 9 of the Dungeon.
You visited 2 branches of the dungeon, and saw 10 of its levels.
You also visited: Sewer.

You collected 662 gold pieces.

Inventory:

Hand Weapons
 a - a +0 war axe of flaming (weapon)
Missiles
 t - 3 throwing nets (quivered)
Armour
 c - a +0 buckler (worn)
 i - a +1 chain mail (worn)
Jewellery
 b - a ring of positive energy (left hand)
 n - a +6 ring of intelligence
 q - a ring of protection from fire (right hand)
Wands
 w - a wand of roots (12)
 x - a wand of paralysis (7)
 y - a wand of digging (2)
Scrolls
 g - 3 scrolls of poison
 h - 2 scrolls of fog
 l - 3 scrolls of noise
 o - 4 scrolls of identify
 p - 2 scrolls of summoning
 s - 4 scrolls of teleportation
 u - a scroll of amnesia
 B - 3 scrolls of enchant armour
Potions
 d - 2 potions of might
 e - 4 potions of attraction
 f - 2 potions of mutation
 j - 3 potions of lignification
 k - a potion of magic
 m - 2 potions of resistance
 r - a potion of berserk rage {unknown}
 v - 2 potions of ambrosia {unknown}
 z - a potion of haste
 A - 2 potions of enlightenment


   Skills:
 + Level 10.1 Fighting
 + Level 9.6 Axes
 + Level 10.0 Armour
 - Level 6.7 Shields


You had 8 spell levels left.
You didn't know any spells.
Your spell library contained the following spells:

 Spells                   Type           Power      Damage    Failure   Level
 Cigotuvi's Dreadful Rot  Necr/Alch/Air  0%         N/A       99%         2
 Ensorcelled Hibernation  Hex/Ice        0%         N/A       99%         2
 Static Discharge         Conj/Air       0%         3-3/arc   99%         2
 Fugue of the Fallen      Necr           0%         N/A       100%        3
 Ozocubu's Armour         Ice            0%         N/A       100%        3
 Airstrike                Air            0%         2d(0-16)  100%        4
 Anguish                  Hex/Necr       0%         N/A       100%        4
 Dispel Undead            Necr           0%         3d6       100%        4
 Manifold Assault         Tloc           0%         N/A       100%        4
 Martyr's Knell           Necr/Summ      0%         N/A       100%        4
 Summon Lightning Spire   Summ/Air       0%         N/A       100%        4
 Death Channel            Necr           0%         N/A       100%        6
 Sculpt Simulacrum        Ice/Alch       0%         N/A       100%        6
 Ozocubu's Refrigeration  Ice            0%         4d7       100%        7
 Polar Vortex             Ice            0%         N/A       100%        9


Dungeon Overview and Level Annotations

Branches:
Dungeon (9/15)             Temple (1/1) D:7           Sewer (visited)
   Lair: D:8-11         Orc: D:9-12

Altars:
Ashenzari
Cheibriados
Dithmenos
Fedhas
Makhleb
Nemelex Xobeh
Okawaru
Qazlal
Ru
Trog
Vehumet
Wu Jian
Xom
Yredelemnul
Zin


Innate Abilities, Weirdness & Mutations

You have a pair of horns on your head.
You reflexively headbutt those who attack you in melee.
You possess an exceptional clarity of mind.
You passively map a small area around you.
You occasionally lose the ability to read scrolls when taking damage.


Message History

The yak is almost dead.
You slash the yak! You burn the yak. The yak gores you! The yak gores you.
Unknown command.
You slash the yak! You burn the yak.
You kill the yak!
You slash the yak! You burn the yak. The yak barely misses you.
You furiously retaliate!
You headbutt the yak.
Your Fighting skill increases to level 10!
Unknown command.
You hit the yak. You burn the yak.
You kill the yak!
You closely miss the yak. You block the yak's attack.
Your Armour skill increases to level 10!
You are too injured to fight recklessly!
You are too injured to fight recklessly!
You are too injured to fight recklessly!
You are too injured to fight recklessly!
You are too injured to fight recklessly!
You completely miss the yak. Your headbutt misses the yak.
The yak is lightly wounded.
You slash the yak! You burn the yak. You block the yak's attack. x2
You hit the yak. You burn the yak.
The yak is lightly wounded.
You slash the yak! You burn the yak. The yak gores you!
You block the yak's attack.
You slash the yak! You burn the yak.
The yak is moderately wounded.
You hit the yak but do no damage. The yak gores you!
* * * LOW HITPOINT WARNING * * *
The yak gores you!
* * * LOW HITPOINT WARNING * * *
You hit the yak but do no damage. You headbutt the yak, but do no damage.
The yak is severely wounded.
The yak gores you.
* * * LOW HITPOINT WARNING * * *
It was a potion of enlightenment.
You feel very buoyant.
You fly up into the air.
The yak gores you but does no damage.
It was a potion of haste.
You feel yourself speed up. The yak gores you!
You die...

#.#.#.#.# ,* #
,#.#.# * #.#.# ,
#.#.# , * #.#.# *
,#.#.# #, #.#.# #,#.
#.#.### , , .##.#.#
#@#...#
.......##Y###.# * *
*#.....†Y###.# *
...........##.# *
...........##'####.#
...................#
,,
..#+#..........#####
, . #..........#
#..........#


You could see 2 yaks.

Vanquished Creatures
  Joseph (D:7)
  Prince Ribbit (D:5)
  A wyvern (D:4)
  2 yaks (D:9)
  A wraith (D:9)
  An acid dragon (D:7)
  An ice beast (D:6)
  A sky beast (D:7)
  Pargi (Sewer)
  A black bear (D:6)
  2 centaurs
  A kobold brigand (D:7)
  A scorpion (D:7)
  3 bullfrogs
  2 gnoll sergeants
  9 wights
  6 killer bees (D:8)
  2 howler monkeys (D:8)
  2 bombardier beetles
  4 hounds
  An orc priest (D:6)
  A gnoll bouda (D:9)
  A jelly (D:7)
  2 scorpion zombies (D:4)
  Jessica (D:2)
  An iguana (D:6)
  2 sleepcaps
  3 orc wizards
  A howler monkey zombie (D:4)
  15 gnolls
  7 adders
  A shadow imp (D:5)
  A white imp (D:7)
  2 ufetubi (D:7)
  An adder zombie (D:4)
  A dart slug (D:2)
  A ribbon worm (D:2)
  29 orcs
  8 endoplasms
  5 giant cockroaches
  8 goblins
  8 hobgoblins
  12 jackals
  11 kobolds
  7 quokkas
  8 ball pythons
  2 bats
  3 frilled lizards
  5 rats
191 creatures vanquished.

Notes
Turn   | Place    | Note
-------+----------+-------------------------------------------
     0 | D:1      | Doomgape the Minotaur Fighter began the quest for the Orb.
     0 | D:1      | Reached XP level 1. HP: 19/19 MP: 0/0
   134 | D:1      | Reached XP level 2. HP: 27/27 MP: 1/1
   605 | D:2      | Noticed Jessica
   609 | D:2      | Killed Jessica
   610 | D:2      | Reached XP level 3. HP: 33/33 MP: 2/2
   847 | D:2      | Reached XP level 4. HP: 38/41 MP: 3/3
  1455 | D:3      | Identified the +3 quarterstaff of Xaymud {elec, rPois rF+
                  | rN++ rCorr}
  1519 | D:3      | Found a snail-covered altar of Cheibriados.
  1713 | D:3      | Found a glowing drain.
  1731 | Sewer    | Entered a sewer
  1805 | Sewer    | Noticed Pargi
  1810 | Sewer    | Killed Pargi
  1811 | Sewer    | Reached skill level 5 in Fighting
  1811 | Sewer    | Reached skill level 5 in Shields
  1811 | Sewer    | Reached XP level 5. HP: 35/48 MP: 4/4
  1978 | D:3      | Reached skill level 5 in Armour
  1979 | D:3      | Found a faded altar of an unknown god.
  2008 | D:3      | Identified the +8 spear "Yfriavul" {venom, *Slow Str+4
                  | Dex+6}
  2220 | D:4      | Noticed a wyvern
  2230 | D:4      | Killed a wyvern
  2231 | D:4      | Reached XP level 6. HP: 24/56 MP: 5/5
  2539 | D:4      | Reached skill level 5 in Axes
  2539 | D:4      | Reached XP level 7. HP: 58/62 MP: 6/6
  2696 | D:4      | Found a basalt altar of Yredelemnul.
  2925 | D:5      | Entered Level 5 of the Dungeon
  3201 | D:5      | Noticed Prince Ribbit
  3216 | D:5      | Killed Prince Ribbit
  3833 | D:6      | Reached XP level 8. HP: 64/71 MP: 7/7
  4053 | D:6      | Paralysed by a centaur for 2 turns
  4695 | D:7      | Noticed Joseph
  4708 | D:7      | Killed Joseph
  4991 | D:7      | Found a staircase to the Ecumenical Temple.
  5064 | Temple   | Entered the Ecumenical Temple
  5244 | D:7      | Gained mutation: You possess an exceptional clarity of
                  | mind. [potion of mutation]
  5244 | D:7      | Gained mutation: You passively map a small area around you.
                  | [potion of mutation]
  5244 | D:7      | Gained mutation: You occasionally lose the ability to read
                  | scrolls when taking damage. [potion of mutation]
  5250 | D:7      | Reached XP level 9. HP: 58/82 MP: 8/8
  6837 | D:8      | Found an iron altar of Okawaru.
  7713 | D:9      | Found a blossoming altar of Fedhas.
  7915 | D:9      | Reached skill level 10 in Fighting
  7916 | D:9      | Reached skill level 10 in Armour
  7922 | D:9      | Slain by a yak

Illustrated notes

Levels and vault maps discovered:
D:1:      dpeg_arrival_rooms_with_view, layout_basic
D:2:      layout_loops_ring, uniq_jessica
D:3:      layout_loops_ring, slow_altar_1, portal_sewer_entry_f,
          hellmonk_ecumenical_altar_dog_temple
D:4:      layout_cave_pools, nicolae_yredelemnul_corpse_copse
D:5:      layout_basic, uniq_prince_ribbit1
D:6:      hellmonk_crumbling_castle, layout_cave_pools, minmay_misc_feat_plants
D:7:      layout_basic, minmay_temple_entry_enclosed_plants, serial_park_tiny_2,
          minivault_10, uniq_joseph
D:8:      layout_loops_ring, okawaru_metal_pillars_1_2, enter_bailey_7,
          chequers_serial_rivers_large_a, corexii_corridor_pit,
          nicolae_underground_beach
D:9:      layout_basic, mainiacjoe_overflow_catwalk, fedhas_altar_3,
          nicolae_overflow_hidden_temple
Temple:   hellmonk_temple_of_storms

Skill      XL: |  1  2  3  4  5  6  7  8  9 |
---------------+----------------------------+-----
Fighting       | 4 5 6 8 10 | 10.1
Shields        | 4 5 6 |  6.7
Armour         | 4 5 6 8 10 | 10.0
Axes           | 3 4 5 6 7 9 |  9.6

Action                     |  1- 3 |  4- 6 |  7- 9 || total
---------------------------+-------+-------+-------++-------
  Melee: War axe           |    67 |    83 |   319 ||   469
         Headbutt          |    12 |    14 |    54 ||    80
  Evoke: Wand              |       |       |     7 ||     7
    Use: Scroll            |       |     5 |     8 ||    13
         Potion            |       |       |     8 ||     8
 Armour: Scale mail        |    26 |       |       ||    26
         Chain mail        |    24 |    83 |   315 ||   422
         Skin              |       |       |    23 ||    23
  Dodge: Dodged            |    35 |    44 |   138 ||   217
  Block: Buckler           |    14 |    28 |   103 ||   145
